 Dungeon Crawl Stone Soup version 0.31-a0-968-g24f9ace8b5 (webtiles) character file.

Game seed: 7259224812431167671

21 Xavori the Trooper (level 3, -4/30 HPs)
             Began as a Djinni Chaos Knight on Oct 27, 2023.
             Was a Plaything of Xom.
             Slain by a skyshark (shapeshifter) (5 damage)
             ... on level 1 of the Dungeon.
             The game lasted 00:00:31 (601 turns).

Xavori the Trooper (Djinni Chaos Knight)             Turns: 601, Time: 00:00:32

Health: -4/30      AC:  5    Str: 11    XL:     3   Next: 5%
Gold:   22         EV: 12    Int: 13    God:    Xom [....*.] SH:  0 Dex: 14

rFire   + + .        a - +0 falchion (chaos)
rCold   x . .        (no shield)
rNeg    . . .        b - +2 leather armour
rPois   ∞            (no helmet)
rElec   .            (no cloak)
rCorr   .            (no gloves)
SInv    .            (boots unavailable)
Will    .....        (no amulet)
Stlth   +            (no ring)
HPRegen 0.25/turn    (no ring)
MPRegen 0.00/turn

%: infuse magic (-5 HP)
@: flying
A: sickness immunity, fire resistance 2, cold vulnerability 1, float, innate
caster, HP casting, extra vitality 1
a: Renounce Religion


You were on level 1 of the Dungeon.
You worshipped Xom.
You were a beloved toy of Xom.
You visited 1 branch of the dungeon, and saw 1 of its levels.

You collected 22 gold pieces.

Inventory:

Hand Weapons
 a - a +0 falchion of chaos (weapon)
Armour
 b - a +2 leather armour (worn)
Scrolls
 c - a scroll of butterflies
 d - a scroll of silence {unknown}
 e - a scroll of identify {unknown}
 f - a scroll of immolation {unknown}


   Skills:
 + Level 3.1 Fighting
 + Level 2.8 Long Blades
 + Level 1.3 Armour
 + Level 2.4 Dodging
 * Level 0.5 Spellcasting
 * Level 0.5 Conjurations
 * Level 0.5 Hexes
   Level 0.0 Charms
 * Level 0.5 Summonings
 * Level 0.5 Necromancy
 * Level 0.5 Translocations
 * Level 0.5 Transmutations
 * Level 0.5 Fire Magic
 * Level 0.5 Ice Magic
 * Level 0.5 Air Magic
 * Level 0.5 Earth Magic
 * Level 0.5 Poison Magic


You knew the following spells:

 Your Spells              Type           Power      Damage    Failure   Level
a - Sandblast             Erth           2%         2d4       30%         1
Your spell library was empty.

Dungeon Overview and Level Annotations

Branches:
Dungeon (1/15)

Altars:


Innate Abilities, Weirdness & Mutations

You are immune to sickness and miasma.
You are immune to poison.
Your flesh is very heat resistant. (rF++)
You are vulnerable to cold. (rC-)
You float through the air rather than walking.
You learn spells naturally, not from books.
Your magical power is your life essence.
You have superior vitality. (+4 MHP)


Message History

You are confused.
A tarantella is nearby!
You are too confused!
A tarantella is nearby!
You bump into the rock wall.
The tarantella touches you.
You are more confused.
The tarantella touches you!
* * * LOW HITPOINT WARNING * * *
You're too confused to move!
Xom titters.
The tarantella looks rather confused.
You see here a +0 dagger.
You barely miss the tarantella.
You're too confused to move!
The tarantella barely misses you.
You hit the tarantella but do no damage.
The tarantella changes into a skyshark!
You hit the skyshark. You burn the skyshark.
The skyshark is lightly wounded.
Xom complains about the scenery.
Okay, then.
Okay, then.
The skyshark barely misses you.
The skyshark tail-slaps you but does no damage.
The skyshark tail-slaps you.
* * * LOW HITPOINT WARNING * * *
The skyshark bites you.
* * * LOW HITPOINT WARNING * * *
The skyshark tail-slaps you but does no damage.
The skyshark barely misses you.
You feel less confused. The skyshark barely misses you.
The skyshark closely misses you.
The skyshark tail-slaps you but does no damage.
Xom complains about the scenery.
The skyshark bites you.
* * * LOW HITPOINT WARNING * * *
Xom thinks this is hilarious!
The skyshark tail-slaps you.
You die...
Xom chortles!

#.#.#
...##.....##
#.#.. ......
#.#### #.##.#+
... ..!.. ..#
#.#.# ###b#b##
.....b.b## #
#.##.bbbb##.#
#.##bbbl@bb.#.#
#.####bbbb.b..#
#.# #b########
#.# #.# # #.#
#.# #.#####.#
#.#
#.......####.#
####[......#.#
#...###.#.#####


You could see a skyshark shaped shifter.

Vanquished Creatures
  A dart slug (D:1)
  A ball python (D:1)
  3 endoplasms (D:1)
  A goblin (D:1)
  A hobgoblin (D:1)
  A kobold (D:1)
  4 quokkas (D:1)
  2 bats (D:1)
  A frilled lizard (D:1)
  A rat (D:1)
16 creatures vanquished.

Notes
Turn   | Place    | Note
-------+----------+-------------------------------------------
     0 | D:1      | Xavori the Djinni Chaos Knight began the quest for the Orb.
     0 | D:1      | Reached XP level 1. HP: 20/20 MP: 0/0
   282 | D:1      | Reached XP level 2. HP: 25/25 MP: 0/0
   295 | D:1      | XOM: silly message
   328 | D:1      | Found a faded altar of an unknown god.
   500 | D:1      | XOM: divination: detect creatures
   525 | D:1      | XOM: enchant monster (good)
   553 | D:1      | Reached XP level 3. HP: 29/30 MP: 0/0
   553 | D:1      | Learned a level 1 spell: Sandblast
   588 | D:1      | a kobold changed into a shapeshifter
   588 | D:1      | Noticed a shapeshifter (shapeshifter)
   588 | D:1      | XOM: confuse monster(s)
   588 | D:1      | a shapeshifter changed into a tarantella
   588 | D:1      | Noticed a tarantella (shapeshifter)
   591 | D:1      | XOM: confuse monster(s)
   596 | D:1      | a tarantella changed into a skyshark
   596 | D:1      | Noticed a skyshark (shapeshifter)
   597 | D:1      | XOM: scenery: summon butterflies
   601 | D:1      | XOM: scenery: summon butterflies
   601 | D:1      | HP: 1/30 [skyshark (shapeshifter) (4)]
   601 | D:1      | Slain by a skyshark (shapeshifter)

Illustrated notes

Levels and vault maps discovered:
D:1:      amcnicky_arrival_double_pillar, layout_loops_corners,
          hellmonk_ecumenical_altar_lost_god, minivault_14,
          chequers_serial_rivers_marsh

Action                     || total
---------------------------++-------
  Melee: Falchion          ||    50
 Armour: Leather armour    ||    36
  Dodge: Dodged            ||    28

Table legend: (Time is in decaauts)
 A = Elapsed time spent in this place.
 B = Non-inter-level travel time spent in this place.
 C = Inter-level travel time spent in this place.
 D = Time resting spent in this place.
 E = Time spent auto-exploring this place.
 F = Levels seen in this place.
 G = Mean time per level.
                   A        B        C        D        E       F      G
               +--------+--------+--------+--------+--------+-----+--------+
         Total |    609 |    609 |      0 |    138 |    350 |   1 |  609.0 |
       Dungeon |    609 |    609 |      0 |    138 |    350 |   1 |  609.0 |
               +--------+--------+--------+--------+--------+-----+--------+

Top non-repeatable levels by time:
     D:1: 609 daAuts
